 Dungeon Crawl Stone Soup version 0.26-a0-639-g72c4674329 (webtiles) character file.

Game seed: 7580727510949103283

392 Borgoz the Skirmisher (level 6, -4/40 HPs)
             Began as a Gargoyle Berserker on Sept 18, 2020.
             Was a Believer of Trog.
             Killed from afar by Natasha (8 damage)
             ... with a magic dart
             ... on level 3 of the Dungeon.
             The game lasted 00:03:41 (3131 turns).

Borgoz the Skirmisher (Gargoyle Berserker)          Turns: 3131, Time: 00:03:42

Health: -4/40      AC: 11    Str: 21    XL:     6   Next: 81%
Magic:  6/6        EV: 12    Int:  7    God:    Trog [**....]
Gold:   133        SH:  0    Dex: 11    Spells: 5/5 levels left

rFire    . . .     SeeInvis .   a - +0 mace
rCold    . . .     Faith    .   (no shield)
rNeg     + . .     Spirit   .   m - +0 ring mail
rPois    ∞         Reflect  .   (no helmet)
rElec    +         Harm     .   e - +0 cloak
rCorr    .         Rampage  .   (no gloves)
MR       ++...                  (no boots)
Stlth    +.........             (no amulet)
HPRegen  1.13/turn              (no ring)
MPRegen  0.10/turn              (no ring)

@: regenerating
A: negative energy resistance 1, electricity resistance, unbreathing,
petrification resistance, rot immunity, AC +4
a: Berserk, Trog's Hand, Renounce Religion


You were on level 3 of the Dungeon.
You worshipped Trog.
Trog was pleased with you.
You visited 1 branch of the dungeon, and saw 4 of its levels.

You collected 133 gold pieces.

Inventory:

Hand Weapons
 a - a +0 mace (weapon)
Armour
 e - a +0 cloak (worn)
 m - a +0 ring mail (worn)
Wands
 b - a wand of digging (3)
Scrolls
 c - 2 scrolls of blinking
 d - 4 scrolls of teleportation {unknown}
 h - 3 scrolls of remove curse {unknown}
 j - 2 scrolls of magic mapping {unknown}
 k - 2 scrolls of noise {unknown}
 l - 2 scrolls of amnesia {unknown}
 q - a scroll of identify {unknown}
 r - a scroll of enchant armour {unknown}
Potions
 f - 2 potions of magic {unknown}
 g - a potion of heal wounds {unknown}
 i - 6 potions of curing {unknown}
 n - a potion of brilliance {unknown}
 o - a potion of resistance {unknown}
 p - a potion of stabbing {unknown}


   Skills:
 + Level 5.0 Fighting
 + Level 4.4 Maces & Flails
 + Level 4.1 Armour
 + Level 3.1 Dodging


You had 5 spell levels left.
You didn't know any spells.
Your spell library was empty.

Dungeon Overview and Level Annotations

Branches:
Dungeon (4/15)
 Temple: D:4-7

Altars:
Gozag

Annotations:
D:3 Natasha


Innate Abilities, Weirdness & Mutations

You are resistant to torment.
Your stone body is resilient. (AC +4)
You are immune to poison.
You resist negative energy. (rN+)
You are resistant to electric shocks. (rElec)
You can survive without breathing.
You are immune to petrification.
You are immune to rotting.


Message History

You hit Natasha.
Natasha is heavily wounded.
Natasha claws you!
* * * LOW HITPOINT WARNING * * *
The iron imp hits you.
* * * LOW HITPOINT WARNING * * *
You hit Natasha.
Natasha is severely wounded.
Natasha barely misses you. The iron imp barely misses you.
You closely miss Natasha.
Natasha is severely wounded.
Natasha claws you.
* * * LOW HITPOINT WARNING * * *
The iron imp hits you.
* * * LOW HITPOINT WARNING * * *
Okay, then.
The iron imp disappears in a puff of smoke!
Natasha stares at you and mumbles some strange words.
The magic dart hits you!
You die...

##### #..>....#.......#<.....
#...#####.##........##..###..##
....#................#.......#
#...............#.##.##.######
#..#.##..÷.....#.##.##.#
#......÷.......#.......# ####
#.#..<....##.####...### #...
#####<#..#..#.##.# #...# #.#.
......#.......##@####...# #.#.
.................h......######.#.
......##.#.##.##.§.[.........#.#.
...........##..................#.
......###.######.............###)
......# #.# ######...#####....
......# #.# #...# #.### #######
#.# #...# #.# #.. ####...#####.#


You could see Natasha.

Vanquished Creatures
  Sigmund (D:3)
  Jessica (D:3)
  Natasha (twice) (D:3)
  A worker ant (D:4)
  4 adders
  2 oozes (D:1)
  2 worms
  2 leopard geckos (D:3)
  9 orcs (D:4)
  2 ball pythons (D:1)
  11 bats
  A giant cockroach (D:1)
  3 goblins
  5 hobgoblins
  6 jackals
  8 kobolds
  A quokka (D:4)
  7 frilled lizards
  4 rats (D:1)
72 creatures vanquished.

Notes
Turn   | Place    | Note
-------+----------+-------------------------------------------
     0 | D:1      | Borgoz the Gargoyle Berserker began the quest for the Orb.
     0 | D:1      | Reached XP level 1. HP: 14/14 MP: 1/1
   130 | D:1      | Reached XP level 2. HP: 16/19 MP: 2/2
   312 | D:1      | Reached XP level 3. HP: 16/23 MP: 3/3
   911 | D:2      | Reached ** piety under Trog
   945 | D:2      | Reached XP level 4. HP: 25/29 MP: 4/4
  1275 | D:2      | You fall into a shaft and drop 2 floors!
  1281 | D:4      | Reached skill level 4 in Fighting
  1440 | D:4      | Reached XP level 5. HP: 5/33 MP: 5/5
  2172 | D:3      | Noticed Natasha
  2180 | D:3      | Killed Natasha
  2204 | D:3      | Noticed Sigmund
  2226 | D:3      | Killed Sigmund
  2226 | D:3      | Reached XP level 6. HP: 34/40 MP: 6/6
  2270 | D:3      | You fall into a shaft and drop 1 floor!
  2412 | D:3      | Noticed Jessica
  2431 | D:3      | Killed Jessica
  2554 | D:3      | Found an opulent altar of Gozag.
  2804 | D:3      | Noticed Natasha
  2823 | D:3      | Killed Natasha
  3057 | D:3      | Reached skill level 5 in Fighting
  3115 | D:3      | Noticed Natasha
  3130 | D:3      | HP: 2/40 [iron imp[Natasha] (2)]
  3131 | D:3      | Killed from afar by Natasha

Illustrated notes

Levels and vault maps discovered:
D:1:      scummos_arrival_gate, layout_basic, interstate_on_off
D:2:      layout_basic, grunt_ministairs_2
D:3:      layout_loops_cross, lemuel_coloured_pillars_altar, uniq_natasha,
          uniq_jessica, uniq_sigmund
D:4:      layout_gridville

Skill      XL: |  1  2  3  4  5  6 |
---------------+-------------------+-----
Dodging        | 2 3 |  3.1
Armour         | 3 4 |  4.1
Fighting       | 4 5 |  5.0
Maces & Flails | 4 |  4.4

Action                   |  1- 3 |  4- 6 || total
-------------------------+-------+-------++-------
Melee: Mace              |    95 |   237 ||   332
Invok: Trog's Hand       |       |     4 ||     4
  Use: Scroll            |       |     1 ||     1
 Stab: Sleeping          |       |     1 ||     1
Armor: Animal skin       |    58 |    43 ||   101
       Ring mail         |       |    53 ||    53
Dodge: Dodged            |    81 |   149 ||   230

Table legend: (Time is in decaauts)
 A = Elapsed time spent in this place.
 B = Non-inter-level travel time spent in this place.
 C = Inter-level travel time spent in this place.
 D = Time resting spent in this place.
 E = Time spent auto-exploring this place.
 F = Levels seen in this place.
 G = Mean time per level.
                   A        B        C        D        E       F      G
               +--------+--------+--------+--------+--------+-----+--------+
         Total |   3207 |   3061 |    146 |    344 |   2049 |   4 |  801.8 |
       Dungeon |   3207 |   3061 |    146 |    344 |   2049 |   4 |  801.8 |
               +--------+--------+--------+--------+--------+-----+--------+

Top non-repeatable levels by time:
     D:3: 1005 daAuts
     D:2: 829 daAuts
     D:1: 749 daAuts
     D:4: 623 daAuts
